[Event "Team 45 45 League T64"]
[Site "Internet Chess Club"]
[Date "2015.03.22"]
[Round "3"]
[White "princevultan2"]
[Black "jjaco"]
[Result "1-0"]
[WhiteElo "1137"]
[BlackElo "1019"]
[Opening "Four knights: Spanish, classical defense"]
[ECO "C48"]
[Time "10:00:23"]
[TimeControl "2700+45"]

1. e4 e5 2. Nf3 Nc6 3. Nc3 Nf6 4. Bb5 Bc5 5. Nxe5 O-O 6. d3 d6 7. Nxc6 bxc6 8.
Bxc6 Rb8 9. Rb1 Bb4 10. Bd2 Bxc3 11. Bxc3 Rb6 12. Ba4 Bg4 13. Qd2 Rb8 14. O-O
Bc8 15. f4 Nd7 16. Qf2 Nb6 17. Qg3 g6 18. Bb3 Be6 19. Bxe6 fxe6 20. f5 e5 21. d4
Nc4 22. dxe5 dxe5 23. b3 Nd2 24. Qxe5 Qf6 25. Qxf6 Rxf6 26. Bxf6 Nxf1 27. Kxf1
Rb6 28. Bd4 Rd6 29. Bxa7 Ra6 30. Bd4 Rxa2 31. c4 Rd2 32. Be5 c6 {Black resigns}
1-0

[Event "Team 45 45 League T64"]
[Site "Internet Chess Club"]
[Date "2015.03.21"]
[Round "3"]
[White "Nathan-L"]
[Black "Timotheous"]
[Result "1-0"]
[WhiteElo "1771"]
[BlackElo "1805"]
[Opening "Réti opening"]
[ECO "A30"]
[Time "12:35:19"]
[TimeControl "2700+45"]

1. Nf3 c5 2. c4 Nc6 3. Nc3 g6 4. e3 Bg7 5. d4 cxd4 6. exd4 e6 7. Be2 Nge7 8. O-O
O-O 9. Be3 d5 10. c5 b6 11. Na4 Nf5 12. Rc1 bxc5 13. Nxc5 Nxe3 14. fxe3 Qb6 15.
Qd2 Na5 16. Na4 Qd8 17. b4 Nb7 18. Nc5 Nd6 19. a4 Bd7 20. b5 Rb8 21. Qc3 Nb7 22.
Nxd7 Qxd7 23. Qc6 Qd6 24. Qxd6 Nxd6 25. Rc7 Ra8 26. Ne5 Nf5 27. Kf2 Bxe5 28.
dxe5 Rfe8 29. g4 Re7 30. Rfc1 Rxc7 31. Rxc7 Ng7 32. a5 Ne8 33. Rd7 h6 34. a6 Kf8
35. b6 axb6 36. a7 Kg8 37. Bb5 {Black resigns} 1-0

[Event "Team 45 45 League T64"]
[Site "Internet Chess Club"]
[Date "2015.03.21"]
[Round "3"]
[White "RamRock"]
[Black "zap2"]
[Result "1-0"]
[WhiteElo "1715"]
[BlackElo "1685"]
[Opening "Pirc defense"]
[ECO "B07"]
[Time "11:02:32"]
[TimeControl "2700+45"]

1. e4 d6 2. d4 Nf6 3. Bd3 e5 4. c3 g6 5. Nf3 Nbd7 6. Nbd2 Bg7 7. Nc4 O-O 8. O-O
h6 9. dxe5 dxe5 10. Ncxe5 Nxe5 11. Nxe5 Nxe4 12. Bxe4 Bxe5 13. Qxd8 Rxd8 14.
Bxh6 Be6 15. Rfe1 Bf6 16. a3 Kh7 17. Bf4 c6 18. f3 Bb3 19. Rac1 Rd7 20. Bc2 Bc4
21. Rcd1 Rad8 22. Rxd7 Rxd7 23. Rd1 Re7 24. Bd3 Bb3 25. Rd2 Kg7 26. Kf2 Bh4+ 27.
g3 Bf6 28. Re2 Rd7 29. Bc2 Bc4 30. Rd2 Re7 31. Be3 b6 32. Bd4 Bxd4+ 33. cxd4 a5
34. Be4 Re6 35. Rc2 b5 36. Rc3 Rd6 37. b3 Be6 38. Bxc6 b4 39. axb4 axb4 40. Rc2
Rxd4 41. Ba4 Rd3 42. Rb2 g5 43. Ke2 Rc3 44. Rb1 f5 45. Rd1 Bxb3 46. Bxb3 Rxb3
47. Rd6 Rb2+ 48. Ke3 b3 49. Rb6 g4 50. fxg4 fxg4 51. Kf4 Rb1 52. Kxg4 b2 53. Kh3
Kf7 54. Kg2 Kg7 55. h4 Kh7 56. h5 Kg7 57. g4 Kh7 58. Kh2 Kg7 59. g5 Rc1 60. Rb7+
Kh8 61. Rxb2 Rc5 62. Rg2 Kg7 63. Kh3 Rb5 64. Rg3 Ra5 65. Kh4 Ra4+ 66. Rg4 Ra1
67. Rf4 Rh1+ 68. Kg4 Ra1 69. h6+ Kg6 70. Rf6+ Kh7 71. Rf7+ Kg8 72. Re7 Rf1 73.
Kh5 Ra1 74. Kg6 Ra6+ 75. Kf5 Ra5+ 76. Kf6 Ra6+ 77. Re6 Ra1 78. Kg6 Ra8 79. Kf6
Ra1 80. g6 Rf1+ 81. Kg5 Rg1+ 82. Kf4 Rf1+ 83. Kg4 Rg1+ 84. Kf3 Rf1+ 85. Kg3 Rf8
86. Kg4 Ra8 87. Kg5 Ra5+ 88. Kf6 Ra8 89. Rd6 Re8 90. Re6 Ra8 91. g7 Kh7 92. Kf7
Rg8 93. Re8 Rxe8 94. Kxe8 Kg8 95. Ke7 Kh7 96. Kf8 Kxh6 97. g8=Q Kh5 98. Kf7 Kh4
99. Kf6 Kh3 100. Kf5 Kh2 101. Kf4 {Black resigns} 1-0

[Event "Team 45 45 League T64"]
[Site "Internet Chess Club"]
[Date "2015.03.24"]
[Round "3"]
[White "hondocando"]
[Black "OGO"]
[Result "1/2-1/2"]
[WhiteElo "1626"]
[BlackElo "1574"]
[Opening "Ruy Lopez: exchange variation"]
[ECO "C68"]
[Time "21:00:33"]
[TimeControl "2700+45"]

1. e4 e5 2. Nf3 Nc6 3. Bb5 a6 4. Bxc6 dxc6 5. h3 Nf6 6. d3 Qd6 7. Nbd2 Be7 8.
Nc4 Qd8 9. Nfxe5 O-O 10. O-O Bd6 11. Nxd6 cxd6 12. Nf3 Qc7 13. b3 b5 14. Bb2 Qd8
15. Qd2 Re8 16. Qg5 h6 17. Bxf6 Qxf6 18. Qxf6 gxf6 19. c4 Kg7 20. Nd4 Bd7 21. f4
Re7 22. f5 c5 23. Nc2 Bc6 24. Ne3 Rd8 25. Rf4 Ree8 26. Rh4 Rh8 27. Rh5 Rdg8 28.
Ng4 a5 29. Rf1 b4 30. Rf3 a4 31. Kh2 axb3 32. axb3 Ra8 33. Rf2 Ra3 34. Rb2 Ra1
35. Kg3 Rd1 36. Nf2 Ra1 37. Rh4 Rha8 38. Ng4 Rh8 39. Kf3 Bd7 40. Ke3 Re1+ 41.
Kf2 Rd1 42. Ke2 Rg1 43. Ne3 Ra1 44. Nd5 Rg1 45. Rg4+ Kf8 46. Nxf6 Ke7 47. Nd5+
Kd8 48. Ra2 Bc6 49. Kd2 h5 50. Rg7 Bxd5 51. cxd5 Ke7 52. Ra7+ Kf6 53. Raxf7+ Ke5
54. Re7+ Kf4 55. f6 Ra1 56. f7 Ra2+ 57. Kc1 Rha8 58. f8=Q+ Rxf8 59. Ref7+ Rxf7
60. Rxf7+ Kg3 61. Rg7+ Kf4 62. g3+ Ke3 63. e5 Kxd3 64. e6 Kc3 65. Kd1 Kd3 {Game
drawn by mutual agreement} 1/2-1/2

[Event "Team 45 45 League T64"]
[Site "Internet Chess Club"]
[Date "2015.03.22"]
[Round "3"]
[White "cnpatton"]
[Black "Chesslov"]
[Result "0-1"]
[WhiteElo "1419"]
[BlackElo "1503"]
[Opening "Sicilian defense"]
[ECO "B30"]
[Time "19:04:54"]
[TimeControl "2700+45"]

1. e4 c5 2. Nf3 Nc6 3. Bc4 e6 4. e5 d6 5. d4 dxe5 6. d5 Na5 7. Bb5+ Bd7 8. Bxd7+
Qxd7 9. Nxe5 Qxd5 10. Qxd5 exd5 11. Bd2 Nc6 12. Nxc6 bxc6 13. O-O Bd6 14. Re1+
Ne7 15. Bg5 f6 16. Bh4 c4 17. Nd2 Kf7 18. g4 c3 19. bxc3 Be5 20. Re3 Bf4 21. Re2
Be5 22. Re3 d4 23. Rf3 Ng6 24. Bg3 Bxg3 25. fxg3 dxc3 26. Rxc3 Ne5 27. Ne4 Rhd8
28. h3 Rd4 29. Nf2 Rad8 30. Nd3 Nxd3 31. cxd3 Rxd3 32. Rxc6 Rxg3+ 33. Kh2 Rdd3
34. Rc7+ Kg6 35. Rxa7 Rxh3+ 36. Kg2 Rdg3+ 37. Kf2 Rxg4 38. a4 Rhh4 39. a5 Ra4
40. Rb1 Ra2+ 41. Kf3 Rha4 42. Rbb7 Kf5 43. Rxg7 R4a3# {White checkmated} 0-1

[Event "Team 45 45 League T64"]
[Site "Internet Chess Club"]
[Date "2015.03.20"]
[Round "3"]
[White "justice02"]
[Black "Portola"]
[Result "1-0"]
[WhiteElo "1675"]
[BlackElo "1722"]
[Opening "English: Neo-Catalan declined"]
[ECO "A14"]
[Time "20:30:15"]
[TimeControl "2700+45"]

1. Nf3 d5 2. c4 e6 3. g3 Nf6 4. Bg2 Be7 5. O-O O-O 6. Qc2 c6 7. a4 a5 8. b3 Na6
9. Bb2 Ne4 10. d3 Nb4 11. Qc1 Nc5 12. Nbd2 Bf6 13. Bxf6 Qxf6 14. cxd5 Qe7 15.
dxc6 Nxc6 16. Qc3 Bd7 17. Rac1 Na6 18. Ne5 Nab4 19. Nxd7 Qxd7 20. Qc5 Nd4 21.
Qe5 Ndc2 22. Nc4 Ra6 23. Qb5 Qd4 24. Bxb7 Ra7 25. Bg2 Qd8 26. e3 Qxd3 27. Rfd1
Qxb3 28. Nxa5 Qa2 29. Rd2 Rc7 30. Nc6 Rfc8 31. Nxb4 Na3 32. Rxc7 Qa1+ 33. Qf1
{Black resigns} 1-0

[Event "Team 45 45 League T64"]
[Site "Internet Chess Club"]
[Date "2015.03.21"]
[Round "3"]
[White "Chesscat9"]
[Black "zepled37"]
[Result "0-1"]
[WhiteElo "1686"]
[BlackElo "1737"]
[Opening "Sicilian: Smith-Morra gambit"]
[ECO "B21"]
[Time "07:25:38"]
[TimeControl "2700+45"]

1. e4 c5 2. d4 cxd4 3. c3 d5 4. exd5 Qxd5 5. cxd4 Nc6 6. Nf3 Bg4 7. Nc3 Bxf3 8.
gxf3 Qxd4 9. Qxd4 Nxd4 10. Nb5 Nc2+ 11. Kd1 Nxa1 12. Nc7+ Kd8 13. Nxa8 e5 14.
Bh3 Ne7 15. Be3 Nc6 16. Kc1 Nd4 17. f4 Nac2 18. Rd1 Bd6 19. fxe5 Bxe5 20. Bf5
Nxe3 21. fxe3 Ke7 22. exd4 Bf4+ 23. Kc2 Rxa8 24. h3 g6 25. Be4 Rc8+ 26. Kd3 Rc7
27. h4 b6 28. Re1 Kd6 29. Re2 f5 30. Bf3 h6 31. d5 Be5 32. b3 Rc3+ {White
resigns} 0-1

[Event "Team 45 45 League T64"]
[Site "Internet Chess Club"]
[Date "2015.03.19"]
[Round "3"]
[White "Grenadier"]
[Black "rubo"]
[Result "1-0"]
[WhiteElo "1580"]
[BlackElo "1612"]
[Opening "Caro-Kann: exchange, Rubinstein variation"]
[ECO "B13"]
[Time "20:00:37"]
[TimeControl "2700+45"]

1. e4 c6 2. d4 d5 3. exd5 cxd5 4. Bd3 Nc6 5. c3 Nf6 6. Bf4 e6 7. Nf3 Bd6 8. Bg3
Qc7 9. Nbd2 Bd7 10. Qe2 O-O-O 11. Ne5 Be8 12. f4 Bxe5 13. fxe5 Ng8 14. Nb3 b6
15. O-O Qe7 16. a4 a5 17. Qg4 f6 18. Bb5 Kb7 19. Rae1 f5 20. Qe2 g5 21. Nd2 h5
22. Nb1 Nh6 23. Rc1 f4 24. Bf2 Nf5 25. Na3 Na7 26. c4 Nxb5 27. Nxb5 Bxb5 28.
axb5 dxc4 29. Rxc4 Rd5 30. Rfc1 Qe8 31. Rc7+ Kb8 32. R7c6 Ka7 33. b4 Nxd4 34.
Bxd4 Rxd4 35. bxa5 bxa5 36. b6+ Kb8 37. b7 Qd7 38. Rc8+ Kxb7 39. Rxh8 g4 40.
Rb1+ Ka7 41. Ra8+ Kxa8 42. Qa6+ Qa7 43. Qc8+ {Black resigns} 1-0

[Event "Team 45 45 League T64"]
[Site "Internet Chess Club"]
[Date "2015.03.19"]
[Round "3"]
[White "g8wrb"]
[Black "BrerRabbit"]
[Result "1/2-1/2"]
[WhiteElo "1362"]
[BlackElo "1477"]
[Opening "Pirc: Ufimtsev-Pytel variation"]
[ECO "B07"]
[Time "13:30:11"]
[TimeControl "2700+45"]

1. e4 d6 2. d4 Nf6 3. Nc3 c6 4. Bd3 e5 5. Nf3 Nbd7 6. O-O Be7 7. Bg5 O-O 8. Re1
exd4 9. Nxd4 Ne5 10. Nf5 Bxf5 11. exf5 Nxd3 12. Qxd3 Re8 13. Rad1 d5 14. a3 Nd7
15. Bxe7 Rxe7 16. b4 Nf6 17. Qd4 Rxe1+ 18. Rxe1 Qd6 19. h3 b6 20. Kf1 Qd7 21.
Re5 Re8 22. Ne2 Qc7 23. Rxe8+ Nxe8 24. Qf4 {Game drawn by mutual agreement}
1/2-1/2

[Event "Team 45 45 League T64"]
[Site "Internet Chess Club"]
[Date "2015.03.21"]
[Round "3"]
[White "Littlemon"]
[Black "unclevinny"]
[Result "1-0"]
[WhiteElo "1563"]
[BlackElo "1625"]
[Opening "QGD Slav defense: exchange variation"]
[ECO "D10"]
[Time "19:01:57"]
[TimeControl "2700+45"]

1. d4 d5 2. c4 c6 3. cxd5 cxd5 4. Bf4 Nc6 5. e3 Nf6 6. Nc3 a6 7. Bd3 Bg4 8. Qb3
Qd7 9. h3 Bh5 10. Nge2 e6 11. O-O Be7 12. Rac1 Bg6 13. Bxg6 hxg6 14. Nb1 O-O 15.
Nd2 Rfc8 16. Nf3 Ne4 17. Qd3 g5 18. Bh2 f6 19. a3 Bd6 20. Bxd6 Nxd6 21. Nd2 Na5
22. b3 b5 23. Qb1 Rc6 24. Rxc6 Nxc6 25. Rc1 Rc8 26. Rc2 Na5 27. Nc1 Rc6 28. Nd3
Nab7 29. Qc1 Rxc2 30. Qxc2 Kf7 31. Nb4 a5 32. Na6 Qc8 33. Qxc8 Nxc8 34. Nf3 Ke7
35. Ne1 Nb6 36. Nc5 Nxc5 37. dxc5 Nd7 38. Nd3 Ne5 39. Nxe5 fxe5 40. b4 axb4 41.
axb4 d4 42. exd4 exd4 43. Kf1 e5 44. f3 Ke6 45. Ke2 Kd5 46. Kd3 g6 47. g3 Kc6
48. Ke4 Kd7 49. f4 gxf4 50. gxf4 exf4 51. Kxf4 Ke6 52. Ke4 d3 53. Kxd3 Kd5 54.
Ke3 Ke5 55. Kf3 Kf5 56. Kg3 g5 57. c6 Ke6 58. Kg4 {Black resigns} 1-0

[Event "Team 45 45 League T64"]
[Site "Internet Chess Club"]
[Date "2015.03.22"]
[Round "3"]
[White "stanbeers"]
[Black "scarycell"]
[Result "0-1"]
[WhiteElo "1426"]
[BlackElo "1380"]
[Opening "QGD Slav: Breyer variation"]
[ECO "D11"]
[Time "20:00:27"]
[TimeControl "2700+45"]

1. d4 d5 2. c4 c6 3. Nf3 Nf6 4. Nbd2 Bf5 5. e3 e6 6. Nh4 Be4 7. Nhf3 Bd6 8. Nxe4
Nxe4 9. c5 Be7 10. Nd2 Nf6 11. b4 Nbd7 12. Bd3 O-O 13. Bb2 b5 14. O-O a5 15.
bxa5 Qxa5 16. Nb3 Qc7 17. h3 e5 18. Bc3 e4 19. Be2 Ne8 20. Qd2 f5 21. Bb4 Bg5
22. f4 exf3 23. Rxf3 g6 24. Raf1 Nef6 25. Bd3 Ne4 26. Bxe4 dxe4 27. Rf4 Bxf4 28.
Rxf4 Nf6 29. Ba5 Qd7 30. Qf2 Nd5 31. Rh4 Ra7 32. Qg3 Rfa8 33. Rh6 Rxa5 34. Nxa5
Rxa5 35. Rxg6+ hxg6 36. Qxg6+ Kf8 37. Qh6+ Ke8 38. Qg6+ Kd8 39. Qg3 Kc8 {White
resigns} 0-1

[Event "Team 45 45 League T64"]
[Site "Internet Chess Club"]
[Date "2015.03.23"]
[Round "3"]
[White "AryanB"]
[Black "Visin"]
[Result "1-0"]
[WhiteElo "1407"]
[BlackElo "1296"]
[Opening "Queen's gambit accepted"]
[ECO "D20"]
[Time "16:00:21"]
[TimeControl "2700+45"]

1. d4 d5 2. c4 dxc4 3. e3 Nf6 4. Bxc4 e6 5. Nc3 b6 6. Nf3 Nbd7 7. O-O Bb7 8. Bd3
Bd6 9. e4 e5 10. dxe5 Nxe5 11. Nxe5 Bxe5 12. Bg5 O-O 13. Rc1 c5 14. f4 Bxc3 15.
Rxc3 Qd4+ 16. Kh1 Nxe4 17. Bxe4 Qxe4 18. Rg3 h6 19. Bxh6 Kh7 20. Bxg7 Rg8 21.
Qh5# {Black checkmated} 1-0

[Event "Team 45 45 League T64"]
[Site "Internet Chess Club"]
[Date "2015.03.19"]
[Round "3"]
[White "Berke"]
[Black "bmw2002"]
[Result "1/2-1/2"]
[WhiteElo "1550"]
[BlackElo "1469"]
[Opening "Caro-Kann: exchange, Rubinstein variation"]
[ECO "B13"]
[Time "18:04:01"]
[TimeControl "2700+45"]

1. e4 c6 2. d4 d5 3. exd5 cxd5 4. Bd3 Nf6 5. c3 Nc6 6. Bf4 g6 7. Nf3 Bg7 8. Nbd2
O-O 9. O-O Nh5 10. Be3 e5 11. dxe5 Nxe5 12. Be2 Bg4 13. Qb3 b6 14. Rad1 Be6 15.
Ng5 Nf6 16. Bf4 Nfd7 17. Nxe6 fxe6 18. Be3 Qh4 19. Nf3 Nxf3+ 20. Bxf3 Ne5 21.
Be2 Ng4 22. Bxg4 Qxg4 23. h3 Qf5 24. Bd4 Rf7 25. Qb5 Qc2 26. Qc6 Raf8 27. Qxe6
Bxd4 28. Rxd4 Qxb2 29. Qxd5 Qxc3 30. Rf4 Kg7 31. Rxf7+ Rxf7 32. a4 h6 33. Rd1
{Game drawn by mutual agreement} 1/2-1/2

[Event "Team 45 45 League T64"]
[Site "Internet Chess Club"]
[Date "2015.03.23"]
[Round "3"]
[White "HorseRadish"]
[Black "Zyme"]
[Result "1/2-1/2"]
[WhiteElo "1404"]
[BlackElo "1254"]
[Opening "English, 1...Nf6 (Anglo-Indian defense)"]
[ECO "A15"]
[Time "19:19:38"]
[TimeControl "2700+45"]

1. c4 Nf6 2. g3 g6 3. Bg2 Bg7 4. Nc3 O-O 5. d4 d6 6. Bg5 h6 7. Bd2 c5 8. dxc5
dxc5 9. Qb3 Nc6 10. Rd1 Qc7 11. Nd5 Nxd5 12. cxd5 Ne5 13. Nf3 Nxf3+ 14. Bxf3 Qd6
15. Bc3 Bxc3+ 16. bxc3 b6 17. O-O Bb7 18. Rfe1 Rad8 19. c4 Qf6 20. e4 Rd7 21.
Bg2 Rfd8 22. f4 e5 23. Qc3 Re7 24. Rf1 Rd6 25. Qa3 Bc8 26. Qc3 Bb7 27. f5 g5 28.
Bf3 Ba6 29. a4 Red7 30. Rb1 Kg7 31. Rb2 Rd8 {Game drawn by mutual agreement}
1/2-1/2

[Event "Team 45 45 League T64"]
[Site "Internet Chess Club"]
[Date "2015.03.22"]
[Round "3"]
[White "chuckh2"]
[Black "dabodhi"]
[Result "1-0"]
[WhiteElo "1438"]
[BlackElo "1356"]
[Opening "Scandinavian: Pytel-Wade variation"]
[ECO "B01"]
[Time "15:00:34"]
[TimeControl "2700+45"]

1. e4 d5 2. exd5 Qxd5 3. Nc3 Qd6 4. Nf3 Nf6 5. d4 c6 6. Be3 Bg4 7. h3 Bf5 8. Bd3
Bxd3 9. Qxd3 Nbd7 10. O-O e6 11. Rfe1 Be7 12. Ng5 h6 13. Nge4 Qc7 14. Rad1 Rd8
15. Qe2 O-O 16. a3 b5 17. Nc5 Nb6 18. b3 Nfd5 19. Bd2 a5 20. N3e4 b4 21. a4 Ra8
22. Qh5 Nf4 23. Qf3 Nbd5 24. g3 Nxh3+ 25. Kg2 Ng5 26. Nxg5 Bxg5 27. Bxg5 hxg5
28. Rh1 Qe7 29. Rh8+ Kxh8 30. Rh1+ Kg8 31. Qh5 f5 32. Qh7+ Kf7 33. Rh6 Rh8 34.
Qg6+ Kg8 35. Rxh8+ Kxh8 36. Nxe6 Qf6 37. Qh5+ Kg8 38. Nxg5 Qh6 39. Qf7+ Kh8 40.
Qxf5 Qf6 41. Qh7# {Black checkmated} 1-0

[Event "Team 45 45 League T64"]
[Site "Internet Chess Club"]
[Date "2015.03.20"]
[Round "3"]
[White "primerpaso"]
[Black "Agarnez"]
[Result "0-1"]
[WhiteElo "1854"]
[BlackElo "2006"]
[Opening "English opening"]
[ECO "A17"]
[Time "19:04:48"]
[TimeControl "2700+45"]

1. c4 Nf6 2. Nc3 e6 3. g3 d5 4. cxd5 exd5 5. d4 c6 6. Bg2 Bd6 7. Nf3 Qe7 8. O-O
O-O 9. Bg5 Nbd7 10. a3 h6 11. Bc1 Re8 12. e3 Nf8 13. b4 a6 14. Na4 Bf5 15. Qb3
Ng6 16. Bb2 h5 17. Nc5 h4 18. Ne5 Nxe5 19. dxe5 Bxe5 20. Bxe5 Qxe5 21. Nxb7 hxg3
22. hxg3 Ng4 23. Rac1 Be4 24. Bxe4 Qh5 25. Kg2 Qh2+ 26. Kf3 Ne5+ 27. Ke2 dxe4
28. Kd2 Qh3 29. Kc2 Nd3 30. Rcd1 Re7 31. Nc5 Nxc5 32. bxc5 Qf5 33. Rd6 Qxc5+
{White resigns} 0-1

[Event "Team 45 45 League T64"]
[Site "Internet Chess Club"]
[Date "2015.03.21"]
[Round "3"]
[White "deancorso1"]
[Black "frank001"]
[Result "1-0"]
[WhiteElo "1768"]
[BlackElo "1764"]
[Opening "English: symmetrical, Benoni formation"]
[ECO "A31"]
[Time "08:17:38"]
[TimeControl "2700+45"]

1. d4 Nf6 2. c4 c5 3. Nf3 cxd4 4. Nxd4 e5 5. Nb5 d5 6. cxd5 Bc5 7. N1c3 O-O 8.
g3 a6 9. Na3 Qb6 10. e3 Bxa3 11. bxa3 Bg4 12. Be2 Bxe2 13. Qxe2 Qa5 14. Qd2 Nbd7
15. Bb2 Rac8 16. Rc1 Nb6 17. O-O Nc4 18. Qe2 Nxd5 19. Nxd5 Qxd5 20. Rfd1 Qe6 21.
e4 b5 22. Bc3 Rfe8 23. Bb4 Rc6 24. Rd5 Qh3 25. a4 Rh6 26. f3 Nb6 27. Rd6 Nxa4
28. Qd2 Rxd6 29. Qxd6 Nb2 30. Qxa6 Qd7 31. Qc6 Qd4+ 32. Kh1 Qd8 33. Qxb5 Nd3 34.
Ba5 Qa8 35. Rc3 Nf2+ 36. Kg2 Nxe4 37. fxe4 Qxe4+ 38. Kh3 Qf5+ 39. g4 Qe6 40. Rc6
Qxa2 41. Qxe5 Ra8 42. Bc3 {Black resigns} 1-0

[Event "Team 45 45 League T64"]
[Site "Internet Chess Club"]
[Date "2015.03.21"]
[Round "3"]
[White "Heian"]
[Black "Axagus"]
[Result "1/2-1/2"]
[WhiteElo "1669"]
[BlackElo "1750"]
[Opening "French defense"]
[ECO "C00"]
[Time "21:30:26"]
[TimeControl "2700+45"]

1. e4 e6 2. c3 d5 3. Bb5+ c6 4. Bd3 dxe4 5. Bxe4 Nf6 6. Bc2 e5 7. d3 h6 8. h3
Bf5 9. Qe2 Bd6 10. Nf3 O-O 11. Nbd2 Nd5 12. Ne4 Bc7 13. O-O Nd7 14. d4 Re8 15.
Nxe5 Nxe5 16. dxe5 Bxe5 17. Qd1 Qh4 18. Ng3 Bxc2 19. Qxc2 Bxg3 20. fxg3 Qxg3 21.
Qf5 f6 22. Bf4 Nxf4 23. Rxf4 Qe3+ 24. Kh1 Re5 25. Qg4 Rg5 26. Re4 Qd2 27. Qe6+
Kh7 28. Re2 Qd5 29. Rae1 Rd8 30. Qxd5 Rdxd5 31. Re7 Rd2 32. R1e2 Rxe2 33. Rxe2
Re5 34. Rd2 Rd5 35. Re2 Ra5 36. a3 Re5 37. Rd2 Rd5 38. Re2 Rd7 39. Kg1 Kg6 40.
Kf2 Kf7 41. c4 Rd4 42. Rc2 Ke6 43. b4 f5 44. Re2+ Re4 45. Rc2 g5 46. Rc3 h5 47.
g3 Ke5 48. c5 f4 49. Rd3 Rd4 50. gxf4+ gxf4 51. Rc3 Ke4 52. Rc2 Rd3 53. Re2+ Re3
54. Rd2 Rxa3 55. Rd7 Ra2+ 56. Kg1 Kf3 57. Rxb7 Ra1+ 58. Kh2 Kf2 59. b5 cxb5 60.
Rxb5 Rc1 61. Ra5 f3 62. Rxa7 Rxc5 63. Ra2+ Ke3 64. Ra3+ Ke2 65. Ra2+ Ke1 66.
Ra1+ Kd2 67. Ra2+ Rc2 68. Rxc2+ Kxc2 69. Kg3 f2 70. Kxf2 Kd3 71. Kg3 Ke4 72. Kh4
Kf4 73. Kxh5 Kf5 74. Kh6 Kf6 75. h4 Kf7 76. Kh7 Kf8 77. h5 Kf7 78. Kh8 Kf8 79.
Kh7 Kf7 80. Kh8 Kf8 81. Kh7 Kf7 82. Kh8 Kf8 83. Kh7 {Game drawn by repetition}
1/2-1/2

[Event "Team 45 45 League T64"]
[Site "Internet Chess Club"]
[Date "2015.03.23"]
[Round "3"]
[White "victoriosan"]
[Black "Portola"]
[Result "1/2-1/2"]
[WhiteElo "1476"]
[BlackElo "1746"]
[Opening "French: Tarrasch"]
[ECO "C03"]
[Time "18:02:00"]
[TimeControl "2700+45"]

1. e4 e6 2. d4 d5 3. Nd2 dxe4 4. Nxe4 Be7 5. Nf3 Nd7 6. Bd3 Ngf6 7. O-O O-O 8.
c3 b6 9. Qc2 h6 10. Ne5 Bb7 11. Re1 c5 12. Be3 Qc7 13. Nxd7 Nxd7 14. Rad1 cxd4
15. Bxd4 Rad8 16. Qe2 e5 17. Be3 f5 18. Bxh6 gxh6 19. Ng3 Qc6 20. Bc4+ Kh7 21.
Bd5 Qc7 22. Bxb7 Qxb7 23. Rd2 Nc5 24. Rxd8 Bxd8 25. Rd1 e4 26. Qh5 Qe7 27. Nxf5
Qg5 28. Qxg5 Bxg5 29. g4 Nd3 30. f3 Ne5 31. fxe4 Nxg4 32. Rd7+ Kh8 33. Rxa7 Rd8
34. Rb7 Rd1+ 35. Kg2 Rd2+ 36. Kg3 Nxh2 37. e5 Nf1+ 38. Kf3 Nh2+ 39. Ke4 Ng4 40.
Rxb6 Nf2+ 41. Kf3 Nd3 42. e6 Rf2+ 43. Ke4 Nc5+ 44. Ke5 Re2+ 45. Kd5 Nd3 46. Rb8+
Kh7 47. e7 Bxe7 48. Rb7 Nf4+ 49. Kd4 Ng6 50. a4 Re5 51. Nxe7 Rxe7 52. Rxe7+ Nxe7
53. a5 Nc6+ 54. Ke4 Nxa5 55. b4 Nb7 56. Kf4 Kg6 57. c4 Kf6 58. Kg4 Ke5 59. c5
Kd5 60. Kh5 Nxc5 61. Kxh6 Kc4 {Game drawn by mutual agreement} 1/2-1/2

[Event "Team 45 45 League T64"]
[Site "Internet Chess Club"]
[Date "2015.03.25"]
[Round "3"]
[White "freakypawn"]
[Black "Tobiasdelmonte"]
[Result "1/2-1/2"]
[WhiteElo "1786"]
[BlackElo "1791"]
[Opening "QGD: Semi-Tarrasch defense, Pillsbury variation"]
[ECO "D40"]
[Time "18:43:27"]
[TimeControl "2700+45"]

1. d4 d5 2. c4 e6 3. Nc3 c5 4. Nf3 Nf6 5. Bg5 Be7 6. e3 O-O 7. Bd3 h6 8. Bh4 Nc6
9. a3 cxd4 10. exd4 Re8 11. O-O dxc4 12. Bxc4 Nd5 13. Bxe7 Ndxe7 14. Qd3 Nf5 15.
d5 Na5 16. dxe6 Bxe6 17. Qxd8 Raxd8 18. Bxe6 Rxe6 19. Rfe1 Rxe1+ 20. Rxe1 Nc4
21. Re2 Rd3 22. Ne1 Rd7 23. Nf3 a6 24. Kf1 Kf8 25. Ke1 Rd3 26. Ne5 Nxe5 27. Rxe5
g6 28. Rd5 Rxd5 29. Nxd5 Ke8 30. Kd2 Kd7 31. Kd3 Kd6 32. Nf6 h5 33. g3 b5 34. b4
Kc6 35. Ne4 Kb6 36. Nc5 a5 37. Nd7+ Kc7 38. Ne5 axb4 39. axb4 Nh6 40. Kd4 Kd6
41. f4 Nf5+ 42. Ke4 Nh6 43. Kd4 Nf5+ 44. Ke4 Ke6 45. Nc6 f6 46. Na7 h4 47. gxh4
Nd6+ 48. Kd4 Kf5 49. Kc5 Ne4+ 50. Kxb5 Kxf4 51. Nc6 Kg4 52. Ne7 Kxh4 53. Nxg6+
Kh3 54. Kc6 Nc3 55. Nf4+ Kxh2 56. Nd5 Ne2 57. Nxf6 Kg3 58. Kc5 Kf4 59. Nd5+ Ke5
60. Ne7 Ke6 61. Nc6 Kd7 62. b5 Nc3 63. Ne5+ Kc8 64. Nc6 Nxb5 {Game drawn because
neither player has mating material} 1/2-1/2

[Event "Team 45 45 League T64"]
[Site "Internet Chess Club"]
[Date "2015.03.22"]
[Round "3"]
[White "pauliewoll"]
[Black "fkramer"]
[Result "1-0"]
[WhiteElo "1761"]
[BlackElo "1749"]
[Opening "French: Fort Knox variation"]
[ECO "C03"]
[Time "12:00:57"]
[TimeControl "2700+45"]

1. e4 e6 2. d4 d5 3. Nd2 dxe4 4. Nxe4 Bd7 5. Nf3 Bc6 6. Bd3 Nd7 7. O-O Ngf6 8.
Qe2 Nxe4 9. Bxe4 Bxe4 10. Qxe4 c6 11. Bf4 Nf6 12. Qd3 Bd6 13. Bxd6 Qxd6 14. c4
O-O-O 15. Rfd1 Qe7 16. Rab1 c5 17. Qa3 Kb8 18. dxc5 Ne4 19. Qe3 Nxc5 20. Qe5+
Qc7 21. Qxg7 Nd3 22. Rxd3 Rdg8 23. Qe5 h6 24. Qxc7+ Kxc7 25. Rbd1 Rg4 26. Rd7+
Kc8 27. Ne5 Rf4 28. g3 Rf5 29. Nxf7 Rh7 30. Rd8+ Kc7 31. R1d7+ Kb6 32. Rb8 Rfxf7
33. Rbxb7+ {Black resigns} 1-0

[Event "Team 45 45 League T64"]
[Site "Internet Chess Club"]
[Date "2015.03.23"]
[Round "3"]
[White "jjfchess"]
[Black "fireball"]
[Result "1-0"]
[WhiteElo "1723"]
[BlackElo "1590"]
[Opening "French: Tarrasch, closed variation, main line"]
[ECO "C06"]
[Time "19:03:51"]
[TimeControl "2700+45"]

1. e4 e6 2. d4 d5 3. Nd2 Nf6 4. e5 Nfd7 5. Bd3 c5 6. c3 Nc6 7. Ne2 cxd4 8. cxd4
f6 9. exf6 Qxf6 10. Nf3 Bb4+ 11. Bd2 Bxd2+ 12. Qxd2 O-O 13. Qg5 e5 14. Qxf6 Rxf6
15. Bc2 e4 16. Nd2 Nb6 17. Bb3 Bg4 18. Nxe4 Re6 19. f3 Bf5 20. Nc5 Re7 21. Kf2
Rc7 22. Rad1 Bg6 23. Ne6 Re7 24. N6f4 Bf7 25. Nc3 Rd8 26. a4 a5 27. h4 h5 28. g4
hxg4 29. fxg4 Nc4 30. Ncxd5 Bxd5 31. Nxd5 Rf7+ 32. Kg3 Nxb2 33. Rd2 Nxd4 34.
Rxd4 Rc8 35. Ne7+ {Black resigns} 1-0

[Event "Team 45 45 League T64"]
[Site "Internet Chess Club"]
[Date "2015.03.18"]
[Round "3"]
[White "Ajolote"]
[Black "Schachteufel"]
[Result "0-1"]
[WhiteElo "1696"]
[BlackElo "1736"]
[Opening "Scandinavian gambit"]
[ECO "B01"]
[Time "16:16:01"]
[TimeControl "2700+45"]

1. e4 d5 2. exd5 Nf6 3. c4 c6 4. Nc3 cxd5 5. cxd5 Nxd5 6. Bc4 Nb4 7. d4 Bf5 8.
Bxf7+ Kxf7 9. Qb3+ e6 10. Nf3 Nc2+ 11. Ke2 Nxa1 12. Qxb7+ Nd7 13. Ne5+ Ke8 14.
Nxd7 Qxd7 15. Qxa8+ Kf7 16. Rd1 Nc2 17. d5 Nb4 18. dxe6+ Qxe6+ 19. Kf1 Nd3 20.
Qxa7+ Be7 21. Qe3 Qa6 22. Kg1 Rf8 23. Qg3 Kg8 24. Be3 Nxb2 25. Re1 Bb4 26. Bd4
Bg6 27. Qc7 Bf7 28. Qg3 Qg6 29. Qxg6 Bxg6 30. Re3 Rd8 31. Be5 Nc4 {White
resigns} 0-1